 Seeded DCSS version 0.27.1-2-g3b301248ec (webtiles) character file.

Game seed: 14036611466628663890 (custom seed)

0 donath the Skirmisher (level 1, -11/16 HPs)
             Began as an Octopode Abyssal Knight on Sept 28, 2021.
             Was a Follower of Lugonu.
             Mangled by a small abomination (19 damage)
             ... on level 1 of the Abyss.
             The game lasted 00:01:02 (113 turns).

donath the Skirmisher (Octopode Abyssal Knight)      Turns: 113, Time: 00:01:03

Health: -11/16     AC:  1    Str: 11    XL:     1   Next: 0%
Magic:  2/2        EV: 13    Int: 14    God:    Lugonu [*.....]
Gold:   3          SH:  0    Dex: 11    Spells: 0/0 levels left

rFire    . . .     SeeInvis .     - Unarmed
rCold    . . .     Faith    .   (no shield)
rNeg     . . .     Spirit   .   (helmet restricted)
rPois    .         Reflect  .   (no amulet)
rElec    .         Harm     .   (no ring)
rCorr    .         Rampage  .   (no ring)
Will     .....                  (no ring)
Stlth    ++........             (no ring)
HPRegen  0.05/turn              (no ring)
MPRegen  0.08/turn              (no ring)
                                (no ring)
                                (no ring)

@: no status effects
A: almost no armour, amphibious, 8 rings, camouflage 1, gelatinous body 1,
(nimble swimmer 1), tentacles
a: Renounce Religion, Depart the Abyss


You were on level 1 of the Abyss.
You worshipped Lugonu.
Lugonu was aware of your devotion.
You visited 0 branches of the dungeon, and saw 0 of its levels.
You visited the Abyss 1 time.

You collected 3 gold pieces.

Inventory:

Jewellery
 a - an amulet of guardian spirit


   Skills:
 + Level 3.0 Fighting
 + Level 2.3 Dodging
 + Level 2.0 Unarmed Combat
 + Level 2.0 Invocations


You couldn't memorise any spells.
You didn't know any spells.
Your spell library contained the following spells:

 Spells                   Type           Power      Damage    Failure   Level
 Static Discharge         Conj/Air       0%         N/A       41%         2
 Gell's Gravitas          Tloc           0%         N/A       65%         3
 Teleport Other           Tloc           0%         N/A       65%         3
 Lightning Bolt           Conj/Air       0%         1d11      100%        5
 Dispersal                Tloc           0%         N/A       100%        6
 Maxwell's Capacitive Co  Air            0%         ∞         100%        8


Dungeon Overview and Level Annotations

Branches:
Dungeon (0/15)

Altars:


Innate Abilities, Weirdness & Mutations

You cannot wear most types of armour.
You are amphibious.
You can wear up to eight rings at the same time.
Your skin changes colour to match your surroundings (Stealth+).
Your rubbery body absorbs attacks. (AC +1, EV +1)
((You are camouflaged near water. (Stealth+)))
You have tentacles for arms and can constrict up to eight enemies at once.


Message History

The rust devil screeches!
Tentacles burst from the starspawn's body! 2 starspawn tentacles come into view.
Found 15 stones.
The starspawn tentacle barely misses you.
The raiju bursts into living lightning!
The living lightning misses you.
The raiju blinks!
The raiju bursts into living lightning!
The living lightning misses you.
The raiju blinks!
Tentacles burst from the starspawn's body! 2 starspawn tentacles come into view.
A small abomination comes into view.
Found 2 scrolls labelled QOOTHR ZEBOMPUI.
The starspawn tentacle closely misses you.
The starspawn tentacle barely misses you.
The starspawn tentacle grabs you. The starspawn tentacle constricts you.
Unknown command.
Press: ? - help, v - describe, . - travel, g - get item Item here: 2 scrolls labelled QOOTHR ZEBOMPUI.
The floor.
You escape the starspawn tentacle's grasp.
A small abomination comes into view.
A raiju comes into view.
The rust devil hits you! The rust devil corrodes you!
The small abomination barely misses you.
Found 14 gold pieces.
Found a corrupted altar of Lugonu.
You are no longer corroded.
A ynoxinul comes into view.
An orange demon comes into view.
The small abomination barely misses you.
The small abomination barely misses you.
The rust devil misses you.
A tentacled starspawn comes into view.
The ynoxinul bellows!
A large abomination comes into view.
The ynoxinul gestures.
The large abomination closely misses you.
The small abomination hits you!!
Ouch! That really hurt!
You die...

#...#.....##..
#....5..............
#....#.....#.
....... #...###4..##
...... .....# ##5##
....# ###...
##..5####...## ....
.#.....##.....#.. #.
#......X..4.........
##
#...#.....#x@.......
...###...##.X.......
#.# ##.####.....#..
.. #... ##...## #..
....# ..... ......
.#. ....... .......


You could see a tentacled starspawn, an orange demon, a large abomination, a
rust devil, a small abomination and 2 ufetubi.

Vanquished Creatures (others)
  4 starspawn tentacles (Abyss:1)
4 creatures vanquished.

Notes
Turn   | Place    | Note
-------+----------+-------------------------------------------
     0 | Abyss:1  | donath the Octopode Abyssal Knight began the quest for the
                  | Orb.
     0 | Abyss:1  | Reached XP level 1. HP: 16/16 MP: 2/2
    37 | Abyss:1  | Noticed a smoke demon
    41 | Abyss:1  | Noticed a rust devil
    43 | Abyss:1  | Noticed a raiju
    52 | Abyss:1  | Noticed a large abomination
    54 | Abyss:1  | Noticed a tentacled starspawn
    65 | Abyss:1  | Noticed a small abomination
    76 | Abyss:1  | Noticed a small abomination
    77 | Abyss:1  | Noticed a raiju
    92 | Abyss:1  | Found a corrupted altar of Lugonu.
   101 | Abyss:1  | Noticed a ynoxinul
   102 | Abyss:1  | Noticed an orange demon
   108 | Abyss:1  | Noticed a tentacled starspawn
   109 | Abyss:1  | Noticed a large abomination
   113 | Abyss:1  | Mangled by a small abomination

Illustrated notes

Levels and vault maps discovered:
Abyss:1:  base: Temple, guppyfry_abyss_exit_glass_guarded, base:
Temple

Action                   || total
-------------------------++-------
Dodge: Dodged            ||    12
